 Dungeon Sprint DCSS version 0.26-a0-660-gc07710193c (webtiles) character file.

Game seed: 6787672018299809756

23275 mhtbhm the Sorcerer (level 12, -16/59 HPs)
             Began as a Deep Elf Earth Elementalist on Oct 8, 2020.
             Was the Champion of Vehumet.
             Demolished by a +3 halberd of flaming (30 damage)
             ... in the Dungeon (Sprint III: "The Ten Rune Challenge").
             The game lasted 00:10:57 (2998 turns).

mhtbhm the Sorcerer (Deep Elf Earth Elementalist)   Turns: 2998, Time: 00:10:58

Health: -16/59     AC:  2    Str:  5    XL:     12   Next: 70%
Magic:  19/43      EV: 16    Int: 26    God:    Vehumet [******]
Gold:   2091       SH:  0    Dex: 15    Spells: 38/61 levels left

rFire    . . .     SeeInvis +   t - staff of poison
rCold    . . .     Faith    .   (no shield)
rNeg     . . .     Spirit   .   c - +0 robe
rPois    +         Reflect  .   (no helmet)
rElec    +         Harm     .   (no cloak)
rCorr    .         Rampage  .   (no gloves)
MR       +....     NoTele   +   (no boots)
Stlth    ++........             (no amulet)
HPRegen  0.19/turn              r - ring of attention (curse)
MPRegen  0.28/turn              (no ring)

@: lethally poisoned (-16 -> -28)
A: see invisible, sense surroundings 1, screaming 1, electricity resistance
a: Renounce Religion


You were in the Dungeon.
You worshipped Vehumet.
Vehumet was exalted by your worship.
You visited 1 branch You collected 2091 gold pieces.

Inventory:

Missiles
 b - 13 stones (quivered)
 p - 5 throwing nets
 q - 6 curare-tipped darts
Armour
 c - a +0 robe (worn)
Magical Staves
 t - an uncursed staff of poison (weapon)
Jewellery
 r - a cursed ring of attention (left hand)
Wands
 d - a wand of iceblast (9)
 n - a wand of acid (2)
Scrolls
 a - a scroll of immolation
 i - a scroll of blinking
 j - a scroll of identify
 l - a scroll of torment
Potions
 e - a potion of heal wounds
 f - a potion of haste
 g - 2 potions of magic
 h - a potion of berserk rage
 k - 2 potions of flight
 m - 4 potions of mutation
Miscellaneous
 o - a phantom mirror
 s - a phantom mirror


   Skills:
 + Level 0.2 Fighting
 + Level 6.9 Dodging
 + Level 6.4 Stealth
 + Level 25.4 Spellcasting
 + Level 5.5 Conjurations
 + Level 2.7 Transmutations
 + Level 2.7 Air Magic
 + Level 22.7 Earth Magic
 + Level 3.0 Poison Magic
 + Level 2.2 Evocations


You had 38 spell levels left.
You knew the following spells:

 Your Spells              Type           Power        Failure   Level
a - Sandblast             Erth           ######       0%          1
b - Passwall              Tmut/Erth      #######.     0%          2
c - Stone Arrow           Conj/Erth      ######       0%          3
d - Lee's Rapid Deconstr  Erth           ########..   0%          5
e - Petrify               Tmut/Erth      #######.     1%          4
f - Mephitic Cloud        Conj/Pois/Air  ######..     1%          3
g - Bolt of Magma         Conj/Fire/Erth ######....   1%          5

Your spell library contained the following spells:

 Spells                   Type           Power        Failure   Level
 Iron Shot                Conj/Erth      #######...   1%          6
 Magic Dart               Conj           ####         1%          1
 Blink                    Tloc           N/A          1%          2
 Call Imp                 Summ           ####....     1%          2
 Slow                     Hex            ####....     1%          2
 Conjure Flame            Conj/Fire      #####...     1%          3


Dungeon Overview and Level Annotations

Branches:
Dungeon (1/1)

Altars:
Cheibriados
Dithmenos
Elyvilon
Fedhas
Gozag
Hepliaklqana
Kikubaaqudgha
Makhleb
Nemelex Xobeh
Okawaru
Qazlal
Ru
Sif Muna
Trog
Uskayaw
Vehumet
Wu Jian
Xom
Yredelemnul
Zin
The Shining One
Beogh
Jiyva
Lugonu

Shops:
D (!?:[[=(*?:}


Innate Abilities, Weirdness & Mutations

You have supernaturally acute eyesight. (SInv)
You passively map a small area around you.
You occasionally shout uncontrollably at your foes.
You are resistant to electric shocks. (rElec)


Message History

The +3 halberd of flaming burns you.
The +0 halberd of venom hits you from afar!
* * * LOW HITPOINT WARNING * * *
Unknown command.
Casting: Lee's Rapid Deconstruction (safe; 0% risk of failure)
Confirm with . or Enter, or press ? or * to list all spells.
Aiming: Lee's Rapid Deconstruction (safe; 0% risk of failure)
Press: ? - help, Dir - move target cursor A stone wall.
The wall shatters!
The blast of rock fragments hits the +0 halberd of venom!
The +0 halberd of venom falls from the air.
Vehumet accepts your kill.
Vehumet offers you knowledge of Iron Shot.
The blast of rock fragments hits the +3 halberd of flaming!!
The +3 halberd of flaming is almost destroyed.
You feel sick.
The +3 halberd of flaming hits you from afar!!
Ouch! That really hurt!
You die...

, * ##.#†#####.#### ,,
#######..'.#)..'(#..#
......'..#######.†..#,
..########. , #.####
###..⌠⌠∩.#.. , #.#..#,
, , #.#.∩⌠⌠∩.#.#.
,#.'..# ,
§.#.∩∩∩∩.#.... #.#..# ,
§.#.∩∩∩∩.#....(#.#..#,,
, ..#......#, ,#)'@#..#
, ..###''###
#..#.#..#,, ,
..#.⌠..⌠.#)... ######
#.#......#### * *
#§.......# * * , , *
§§§§.....# + *+ +
.........# ^ , ,
########## ^ * * *


You could see a +3 halberd of flaming.

Vanquished Creatures
  Frances (D)
  Donald (D)
  2 deep elf demonologists (D)
  A deep elf annihilator (D)
  A deep elf death mage (D)
  A fire dragon (D)
  Erolcha (D)
  A deep elf high priest (D)
  A centaur warrior (D)
  3 dancing weapons (D)
  A shock serpent (shapeshifter) (D)
  A deep elf knight (D)
  An orange crystal statue (D)
  An orc knight (D)
  6 deep elf magi (D)
  4 crystal guardians (D)
  4 statues (D)
  2 cane toads (D)
  A komodo dragon (D)
  3 wandering mushrooms (D)
  4 spriggan defenders (D)
  2 orc high priests (D)
  A slime creature (D)
  A dream sheep (shapeshifter) (D)
  2 redbacks (D)
  A shadow (D)
  A spatial vortex (D)
  5 orc warriors (D)
  A necrophage (D)
  5 two-headed ogres (D)
  A water elemental (D)
  A scorpion (D)
  A jelly (D)
  4 orc priests (D)
  An orc wizard (D)
  A wizard (D)
  A necromancer (D)
  3 humans (D)
  A kobold demonologist (D)
  2 oozes (D)
  9 orcs (D)
  2 rats (D)
87 creatures vanquished.

Vanquished Creatures (others)
  14 plants (D)
14 creatures vanquished.

Grand Total: 101 creatures vanquished

Notes
Turn   | Place    | Note
-------+----------+-------------------------------------------
     0 | D        | mhtbhm the Deep Elf Earth Elementalist began the quest for
                  | the Orb.
     0 | D        | Reached XP level 1. HP: 10/10 MP: 6/6
    40 | D        | Reached XP level 2. HP: 15/15 MP: 5/8
   100 | D        | Reached skill level 4 in Spellcasting
   122 | D        | Learned a level 2 spell: Passwall
   143 | D        | Gained mutation: You are resistant to electric shocks.
                  | (rElec) [potion of mutation]
   143 | D        | Gained mutation: You passively map a small area around you.
                  | [potion of mutation]
   143 | D        | Gained mutation: You occasionally shout uncontrollably at
                  | your foes. [potion of mutation]
   143 | D        | Gained mutation: You have supernaturally acute eyesight.
                  | (SInv) [potion of mutation]
   146 | D        | Noticed a scorpion
   150 | D        | Reached skill level 5 in Spellcasting
   150 | D        | Reached skill level 5 in Earth Magic
   150 | D        | Reached XP level 3. HP: 19/19 MP: 6/11
   153 | D        | Killed a scorpion
   153 | D        | Reached skill level 6 in Spellcasting
   153 | D        | Reached XP level 4. HP: 24/24 MP: 4/14
   224 | D        | Learned a level 3 spell: Stone Arrow
   226 | D        | Noticed a water elemental
   229 | D        | Killed a water elemental
   229 | D        | Reached skill level 7 in Spellcasting
   287 | D        | Found a radiant altar of Vehumet.
   287 | D        | Found a shimmering blue altar of Sif Muna.
   287 | D        | Found an ancient bone altar of Kikubaaqudgha.
   287 | D        | Noticed a wizard
   289 | D        | Killed a wizard
   289 | D        | Reached XP level 5. HP: 22/28 MP: 12/17
   291 | D        | Reached skill level 8 in Spellcasting
   301 | D        | Became a worshipper of Vehumet
   334 | D        | Learned a level 5 spell: Lee's Rapid Deconstruction
   339 | D        | Learned a level 4 spell: Petrify
   362 | D        | Found a basalt altar of Yredelemnul.
   362 | D        | Found a shadowy altar of Dithmenos.
   362 | D        | Found a sacrificial altar of Ru.
   362 | D        | Noticed a necrophage
   363 | D        | Reached skill level 5 in Dodging
   364 | D        | Killed a necrophage
   364 | D        | Reached skill level 9 in Spellcasting
   364 | D        | Reached skill level 10 in Earth Magic
   364 | D        | Reached XP level 6. HP: 32/32 MP: 9/20
   431 | D        | Found a hide-covered altar of Uskayaw.
   431 | D        | Found a roughly hewn altar of Beogh.
   431 | D        | Found an iron altar of Okawaru.
   431 | D        | Found a bloodstained altar of Trog.
   431 | D        | Found an ornate altar of the Wu Jian Council.
   431 | D        | Noticed a human
   431 | D        | Noticed a human
   434 | D        | Killed a human
   434 | D        | Reached * piety under Vehumet
   434 | D        | Offered knowledge of Shock by Vehumet.
   434 | D        | Reached skill level 5 in Stealth
   434 | D        | Reached skill level 10 in Spellcasting
   437 | D        | Killed a human
   437 | D        | Reached skill level 11 in Spellcasting
   437 | D        | Reached XP level 7. HP: 26/36 MP: 0/24
   561 | D        | Found a glowing silver altar of Zin.
   561 | D        | Found a glowing golden altar of the Shining One.
   561 | D        | Found a white marble altar of Elyvilon.
   561 | D        | Noticed a deep elf mage
   563 | D        | Killed a deep elf mage
   563 | D        | Reached skill level 13 in Spellcasting
   628 | D        | Noticed a shadow
   630 | D        | Killed a shadow
   630 | D        | Reached ** piety under Vehumet
   630 | D        | Offered knowledge of Freeze by Vehumet.
   630 | D        | Reached skill level 1 in Conjurations
   630 | D        | Reached skill level 1 in Evocations
   630 | D        | Reached XP level 8. HP: 41/41 MP: 23/27
   677 | D        | Found a blossoming altar of Fedhas.
   677 | D        | Found a stormy altar of Qazlal.
   677 | D        | Found a snail-covered altar of Cheibriados.
   677 | D        | Found a burning altar of Makhleb.
   677 | D        | Found a shimmering altar of Xom.
   678 | D        | Found a hazy altar of Hepliaklqana.
   678 | D        | Found an opulent altar of Gozag.
   678 | D        | Found a sparkling altar of Nemelex Xobeh.
   678 | D        | Found a corrupted altar of Lugonu.
   678 | D        | Found a viscous altar of Jiyva.
   681 | D        | Reached skill level 14 in Spellcasting
   743 | D        | Reached *** piety under Vehumet
   852 | D        | Noticed a two-headed ogre
   858 | D        | Learned a level 3 spell: Mephitic Cloud
   864 | D        | Killed a two-headed ogre
   864 | D        | Offered knowledge of Static Discharge by Vehumet.
   864 | D        | Reached skill level 15 in Spellcasting
   866 | D        | Noticed Erolcha
   870 | D        | Killed Erolcha
   870 | D        | Reached skill level 16 in Spellcasting
   870 | D        | Reached skill level 1 in Air Magic
   870 | D        | Reached skill level 15 in Earth Magic
   870 | D        | Reached skill level 1 in Poison Magic
   870 | D        | Reached XP level 9. HP: 45/45 MP: 6/31
   991 | D        | Noticed a two-headed ogre
  1005 | D        | Offered knowledge of Frozen Ramparts by Vehumet.
  1005 | D        | Reached **** piety under Vehumet
  1006 | D        | Killed a two-headed ogre
  1006 | D        | Reached skill level 17 in Spellcasting
  1123 | D        | Noticed a wandering mushroom
  1129 | D        | Noticed a wandering mushroom
  1133 | D        | Killed a wandering mushroom
  1133 | D        | Offered knowledge of Yara's Violent Unravelling by Vehumet.
  1134 | D        | Noticed a wandering mushroom
  1142 | D        | Killed a wandering mushroom
  1142 | D        | Reached skill level 18 in Spellcasting
  1264 | D        | Killed a wandering mushroom
  1276 | D        | Noticed a cane toad
  1276 | D        | Noticed a komodo dragon
  1276 | D        | Noticed a cane toad
  1284 | D        | Killed a cane toad
  1284 | D        | Reached ***** piety under Vehumet
  1284 | D        | Offered knowledge of Ozocubu's Refrigeration by Vehumet.
  1284 | D        | Reached XP level 10. HP: 10/50 MP: 29/34
  1286 | D        | Killed a cane toad
  1549 | D        | Found Weta's Weapon Shoppe.
  1549 | D        | Noticed an orc knight
  1556 | D        | Reached skill level 19 in Spellcasting
  1557 | D        | Killed an orc knight
  1557 | D        | Offered knowledge of Lightning Bolt by Vehumet.
  1646 | D        | Noticed a deep elf mage
  1646 | D        | Noticed a deep elf knight
  1646 | D        | Noticed a deep elf mage
  1646 | D        | Noticed a deep elf mage
  1646 | D        | Noticed a deep elf mage
  1656 | D        | Killed a deep elf mage
  1659 | D        | Killed a deep elf mage
  1659 | D        | Reached ****** piety under Vehumet
  1661 | D        | Killed a deep elf knight
  1661 | D        | Reached skill level 20 in Spellcasting
  1662 | D        | Killed a deep elf mage
  1662 | D        | Killed a deep elf mage
  1716 | D        | Noticed a deep elf mage
  1716 | D        | Noticed a deep elf high priest
  1748 | D        | Noticed a deep elf demonologist
  1751 | D        | Killed a deep elf mage
  1751 | D        | Reached skill level 5 in Conjurations
  1751 | D        | Reached XP level 11. HP: 54/54 MP: 26/37
  1754 | D        | Killed a deep elf demonologist
  1754 | D        | Reached skill level 21 in Spellcasting
  1758 | D        | Noticed a deep elf death mage
  1759 | D        | Killed a deep elf death mage
  1774 | D        | Killed a deep elf high priest
  1849 | D        | Identified the +8 tower shield of Eghuarei {rF+ Str-5
                  | Int+4}
  1849 | D        | Noticed a deep elf demonologist
  1852 | D        | Killed a deep elf demonologist
  1852 | D        | Reached skill level 22 in Spellcasting
  1867 | D        | Identified the ring "Gasull" {Wiz +Fly}
  1867 | D        | Noticed a deep elf annihilator
  1872 | D        | Killed a deep elf annihilator
  1966 | D        | Noticed a deep elf master archer
  2025 | D        | Noticed Donald
  2025 | D        | Noticed Frances
  2029 | D        | Killed Frances
  2029 | D        | Offered knowledge of Orb of Destruction by Vehumet.
  2029 | D        | Reached skill level 23 in Spellcasting
  2031 | D        | Killed Donald
  2268 | D        | Noticed an orange crystal statue
  2273 | D        | Found Qociff's Antique Armour Emporium.
  2273 | D        | Found Fithreume's Antique Weapon Shop.
  2273 | D        | Found Ritinuotek's Gadget Shoppe.
  2273 | D        | Found Zixoem's Armour Boutique.
  2273 | D        | Found Ighio's Jewellery Emporium.
  2273 | D        | Found Nohityo's Book Shop.
  2273 | D        | Found Pontiliadi's Magic Scroll Emporium.
  2273 | D        | Found Vargham's Assorted Antiques.
  2274 | D        | Found Ampeb's Book Boutique.
  2274 | D        | Found Walaul's Magic Scroll Shoppe.
  2274 | D        | Found Dulovex's Distillery.
  2319 | D        | Noticed a crystal guardian
  2320 | D        | Killed a crystal guardian
  2320 | D        | Reached XP level 12. HP: 59/59 MP: 37/41
  2337 | D        | Offered knowledge of Bolt of Magma by Vehumet.
  2337 | D        | Reached skill level 24 in Spellcasting
  2494 | D        | Learned a level 5 spell: Bolt of Magma
  2623 | D        | Offered knowledge of Iskenderun's Battlesphere by Vehumet.
  2709 | D        | Noticed a centaur warrior
  2711 | D        | Killed a centaur warrior
  2816 | D        | Noticed a fire dragon
  2820 | D        | Killed a fire dragon
  2820 | D        | Reached skill level 25 in Spellcasting
  2998 | D        | Offered knowledge of Iron Shot by Vehumet.
  2998 | D        | Demolished by a +3 halberd of flaming

Illustrated notes

Levels and vault maps discovered:
D:        dungeon_sprint_mu [sprint_mu_entry_cave, sprint_mu_temple_rooms,
          sprint_mu_d1_spiders, sprint_mu_d2_genie, sprint_mu_d3_branching,
          sprint_mu_orc_legion, sprint_mu_elf_gauntlet, sprint_mu_hive_nellie,
          sprint_mu_lair_fedhas, sprint_mu_vaults_butterflies,
          sprint_mu_slime_circle, sprint_mu_swamp_cave, sprint_mu_snake_twists,
          sprint_mu_blade_basic, sprint_mu_crypt_chambers,
          sprint_mu_tomb_spiral, sprint_mu_vestibule_basic,
          sprint_mu_gehenna_hellfire, sprint_mu_dis_giant,
          sprint_mu_tartarus_statrot, sprint_mu_cocytus_islands, sprint_mu_zot1]

Skill      XL: |  1  2  3  4  5  6  7  8  9 10 11 12 |
---------------+-------------------------------------+-----
Earth Magic    | 4 5 7 8 10 12 13 15 16 18 21 22 | 22.7
Dodging        | 3 4 5 6 |  6.9
Spellcasting   | 5 6 7 9 11 13 16 18 20 23 25 | 25.4
Stealth        | 3 4 5 6 |  6.4
Conjurations   | 1 3 5 |  5.5
Evocations     | 1 2 |  2.2
Transmutations | 2 |  2.7
Air Magic      | 1 2 |  2.7
Poison Magic   | 1 2 3 |  3.0
Fighting       | |  0.2

Action                   |  1- 3 |  4- 6 |  7- 9 | 10-12 || total
-------------------------+-------+-------+-------+-------++-------
Melee: Unarmed           |       |       |     1 |    16 ||    17
 Cast: Sandblast         |    10 |     5 |     2 |       ||    17
       Passwall          |     1 |       |       |       ||     1
       Stone Arrow       |       |     4 |    15 |     2 ||    21
       Lee's Rapid Decon |       |     4 |    18 |    74 ||    96
       Mephitic Cloud    |       |       |     2 |     4 ||     6
       Petrify           |       |       |     1 |     1 ||     2
Evoke: Wand              |       |     1 |     2 |       ||     3
  Use: Potion            |     1 |       |     1 |     1 ||     3
       Scroll            |     1 |       |       |     3 ||     4
Armor: Robe              |       |       |     1 |       ||     1
Dodge: Dodged            |     1 |     2 |     6 |    11 ||    20

Table legend: (Time is in decaauts)
 A = Elapsed time spent in this place.
 B = Non-inter-level travel time spent in this place.
 C = Inter-level travel time spent in this place.
 D = Time resting spent in this place.
 E = Time spent auto-exploring this place.
 F = Levels seen in this place.
 G = Mean time per level.
                   A        B        C        D        E       F      G
               +--------+--------+--------+--------+--------+-----+--------+
         Total |   3009 |   3009 |      0 |   2038 |      6 |   1 | 3009.0 |
       Dungeon |   3009 |   3009 |      0 |   2038 |      6 |   1 | 3009.0 |
               +--------+--------+--------+--------+--------+-----+--------+

Top non-repeatable levels by time:
       D: 3009 daAuts
